 Dungeon Crawl Stone Soup version bcrawl-1.39.1 (webtiles) character file.

Game seed: 7000962436064345538

270401 mutifu the Slasher (level 7, -5/58 HPs)
             Began as a Minotaur Monk on Oct 1, 2023.
             Was a Priest of Lugonu.
             Slain by a troll (18 damage)
             ... on level 4 of the Dungeon.
             The game lasted 00:15:49 (2772 turns).

mutifu the Slasher (Minotaur Monk)                  Turns: 2772, Time: 00:15:49

Health: -5/58      AC:  2    Str: 22    XL:     7   Next: 27%
Magic:  0/3        EV: 10    Int: 13    God:    Lugonu [***...]
Gold:   251        SH: 12    Dex: 13    Spells: 6/6 levels left

rFire    . . .     GDR:     25% j - +2 falchion (antimagic)
rCold    . . .     SeeInvis .   h - +0 medium shield
rNeg     . . .     Gourm    .   b - +0 robe
rPois    .         Faith    .   c - +0 hat
rElec    .         Spirit   +   (no cloak)
rCorr    .         Reflect  .   (no gloves)
MR       .....                  (no boots)
Stlth    ++........             d - amulet of guardian spirit
HPRegen  0.19/turn              q - +5 ring of strength
MPRegen  0.08/turn              s - +6 ring of intelligence

@: marked
A: retaliatory headbutt, horns 2
a: Depart the Abyss, Bend Space, Banish, Renounce Religion


You were on level 4 of the Dungeon.
You worshipped Lugonu.
Lugonu was most pleased with you.
You were not hungry.

You visited 1 branch of the dungeon, and saw 4 of its levels.

You collected 251 gold pieces.

Inventory:

Hand Weapons
 a - a +0 falchion
 j - a +2 antimagic falchion (weapon)
Missiles
 m - 244 poisoned tomahawks (quivered)
Armour
 b - a +0 robe (worn)
 c - a +0 hat (worn)
 h - a +0 medium shield (worn)
Jewellery
 d - an amulet of guardian spirit (around neck)
 q - a +5 ring of strength (left hand)
 s - a +6 ring of intelligence (right hand)
Wands
 z - a wand of scattershot (3)
Scrolls
 f - 2 scrolls of remove curse
 g - a scroll of fog
 k - a scroll of blinking
 u - a scroll of amnesia
Potions
 l - 2 potions of degeneration
 n - a potion of haste
 p - a potion of brilliance
 r - a potion of mutation
 t - a potion of heal wounds {unknown}
 v - a potion of curing {unknown}
 w - a potion of berserk rage {unknown}
Comestibles
 e - 5 rations {!d}
 A - 2 chunks of flesh


   Skills:
 - Level 3.9 Fighting
 + Level 7.5 Long Blades
 + Level 1.4 Throwing
 + Level 5.3 Dodging
 - Level 1.8 Stealth
 + Level 4.0 Shields
 + Level 2.0 Invocations


You had 6 spell levels left.
You didn't know any spells.
Your spell library was empty.

Dungeon Overview and Level Annotations

Branches:
Dungeon (4/12)
 Temple: D:4-7

Altars:
Lugonu
Ru


Innate Abilities, Weirdness & Mutations

You reflexively headbutt those who attack you in melee.
You have a pair of horns on your head.


Message History

The troll is heavily wounded.
You block the troll's attack. x2; The troll claws you.
You closely miss the troll. You headbutt the troll!
The troll is almost dead.
The troll closely misses you. You furiously retaliate!
You headbutt the troll. You block the troll's attack. The troll claws you!
The crimson imp hits you.
You barely miss the troll.
You headbutt the troll, but do no damage.
The troll is almost dead.
The troll bites you! You block the troll's attack. The troll claws you.
You hit the troll.
The troll is almost dead.
The crimson imp hits you but does no damage.
The troll bites you but does no damage. The troll claws you!
* * * LOW HITPOINT WARNING * * *
You block the troll's attack.
You hit the troll.
The troll is almost dead.
You block the crimson imp's attack. The troll bites you!!
You die...

#.# ...
#.# #.#
#.# #.# .
# #T#
....#.#@#
......5<#
....#.#.#
## #.#.#
# #.# #.#
#.# #.#
..#


You could see a troll and a crimson imp.

Vanquished Creatures
  Grinder (D:3)
  Sigmund (D:2)
  An orc priest (D:3)
  A hound (D:3)
  2 worker ants
  5 adders (D:3)
  2 oozes
  An adder skeleton (D:3)
  5 worms
  2 dart slugs
  3 leopard geckos
  6 orcs (D:3)
  9 goblins
  14 hobgoblins
  4 quokkas
  3 ball pythons
  4 bats
  2 frilled lizards
  17 kobolds
  5 rats
88 creatures vanquished.

Notes
Turn   | Place    | Note
-------+----------+-------------------------------------------
     0 | D:1      | mutifu the Minotaur Monk began the quest for the Orb.
     0 | D:1      | Reached XP level 1. HP: 19/19 MP: 1/1
   141 | D:1      | Reached XP level 2. HP: 25/27 MP: 2/2
   179 | D:1      | HP: 1/27 [goblin (2)]
   197 | D:1      | Reached skill level 4 in Long Blades
   591 | D:1      | Reached XP level 3. HP: 28/33 MP: 0/3
  1180 | D:2      | Reached skill level 1 in Shields
  1180 | D:2      | Reached XP level 4. HP: 28/40 MP: 2/4
  1355 | D:2      | Noticed Sigmund
  1361 | D:2      | Found a corrupted altar of Lugonu.
  1369 | D:2      | Killed Sigmund
  1370 | D:2      | Reached skill level 6 in Long Blades
  1370 | D:2      | Reached XP level 5. HP: 39/46 MP: 2/5
  1454 | D:2      | Found a sacrificial altar of Ru.
  1643 | D:2      | Became a worshipper of Lugonu the Unformed
  1643 | D:2      | Reached ** piety under Lugonu
  1660 | D:3      | Reached XP level 6. HP: 50/52 MP: 3/6
  1904 | D:3      | Reached *** piety under Lugonu
  2051 | D:3      | Noticed Grinder
  2062 | D:3      | Paralysed by Grinder for 3 turns
  2072 | D:3      | Killed Grinder
  2073 | D:3      | Reached skill level 7 in Long Blades
  2073 | D:3      | Reached skill level 1 in Throwing
  2073 | D:3      | Reached skill level 5 in Dodging
  2073 | D:3      | Reached XP level 7. HP: 29/58 MP: 1/7
  2762 | D:4      | Noticed a troll
  2772 | D:4      | Slain by a troll

Skill      XL: |  1  2  3  4  5  6  7 |
---------------+----------------------+-----
Long Blades    | 4 6 7 |  7.5
Dodging        | 4 5 |  5.3
Shields        | 1 2 3 4 |  4.0
Throwing       | 1 |  1.4
Fighting       | |  3.9
Stealth        | |  1.8
Invocations    | |  2.0

Action                   |  1- 3 |  4- 6 |  7- 9 || total
-------------------------+-------+-------+-------++-------
Melee: Falchion          |   102 |    91 |    20 ||   213
       Headbutt          |    11 |    19 |    10 ||    40
Throw: Tomahawk          |     3 |    11 |     6 ||    20
Invok: Bend Space        |       |       |     1 ||     1
Evoke: Wand              |       |       |     2 ||     2
  Use: Scroll            |     6 |     2 |     4 ||    12
       Potion            |       |     1 |       ||     1
 Stab: Sleeping          |     1 |       |       ||     1
  Eat: Chunk             |     3 |     4 |     2 ||     9
       Ration            |       |     1 |       ||     1
Armor: Robe              |    20 |     6 |     3 ||    29
Dodge: Dodged            |    34 |    15 |     7 ||    56
Block: Medium shield     |    42 |    37 |    12 ||    91
